 Dungeon Crawl Stone Soup version 0.20.0-10-g0535bb4 (webtiles) character file.

299 Hyrikan the Sneak (level 6, 0/39 HPs)
             Began as a Halfling Assassin on June 3, 2017.
             Was an Initiate of Nemelex Xobeh.
             Slain by a sky beast (5 damage)
             ... on level 4 of the Dungeon.
             The game lasted 00:26:40 (3697 turns).

Hyrikan the Sneak (Halfling Assassin)               Turns: 3697, Time: 00:26:40

Health: 0/39       AC:  4    Str: 12    XL:     6   Next: 63%
Magic:  6/6        EV: 16    Int:  9    God:    Nemelex Xobeh [......]
Gold:   125        SH:  0    Dex: 18    Spells: 5/5 levels left

rFire    . . .     SeeInvis .   v - -3 dagger (curse)
rCold    . . .     Gourm    .   (shield restricted)
rNeg     . . .     Faith    .   k - +0 leather armour
rPois    .         Spirit   .   (no helmet)
rElec    .         Reflect  .   d - +0 cloak
rCorr    .         Harm     .   (no gloves)
MR       .....                  (no boots)
Stlth    +++.......             j - amulet of rage
Regen    0.2/turn               h - +1 ring of slaying
MPRegen  0.1/turn               (no ring)

@: about to teleport
A: mutation resistance 1
a: Renounce Religion, Evoke Berserk Rage


You were on level 4 of the Dungeon.
You worshipped Nemelex Xobeh.
Nemelex Xobeh was noncommittal.
You were not hungry.

You visited 1 branch of the dungeon, and saw 4 of its levels.

You collected 125 gold pieces.

Inventory:

Hand Weapons
 a - a +2 dagger
 b - a +0 blowgun
 v - a cursed -3 dagger (weapon)
Missiles
 e - 8 poisoned needles
 f - 2 curare-tipped needles
Armour
 c - a +0 robe
 d - a +0 cloak (worn)
 k - a +0 leather armour (worn)
 l - a +0 ring mail
Jewellery
 h - a +1 ring of slaying (left hand)
 j - an amulet of rage (around neck)
 n - an uncursed amulet of regeneration {unknown}
Wands
 o - a wand of enslavement (4/24)
Potions
 m - 2 potions of curing
 p - a potion of might {unknown}
 u - a potion of heal wounds {unknown}
Miscellaneous
 t - a plain deck of escape {drawn: 3}
Comestibles
 g - a bread ration
 q - 4 fruits
 r - 5 chunks of flesh
 s - a royal jelly


   Skills:
 - Level 1.8 Fighting
 + Level 4.6 Short Blades
 - Level 2.0 Throwing
 + Level 4.0 Dodging
 + Level 6.2 Stealth


You had 5 spell levels left.
You didn't know any spells.

Dungeon Overview and Level Annotations

Branches:
Dungeon (4/15)
 Temple: D:4-7

Altars:
Nemelex Xobeh
Okawaru
Xom


Innate Abilities, Weirdness & Mutations

You are small and have problems with some larger weapons.
You are somewhat resistant to further mutation.


Message History

You draw a card...
It is the Elixir.
You begin rapidly regenerating magic.
The sky beast hits you. The sky beast shocks you.
* * * LOW HITPOINT WARNING * * *
The sky beast flickers out of sight!
Deactivating autopickup; reactivate with Ctrl-A.
Something hits you.
* * * LOW HITPOINT WARNING * * *
Something shocks you.
* * * LOW HITPOINT WARNING * * *
As you read the scroll of teleportation, it crumbles to dust.
You feel strangely unstable.
A sky beast appears from thin air!
Reactivating autopickup.
The sky beast closely misses you. The sky beast barely misses you.
You feel better. The sky beast hits you.
* * * LOW HITPOINT WARNING * * *
The sky beast shocks you.
You die...
Xom cackles wildly!
Your body disappears without a glow.

#################
#...............#
#......##...###.###
#..###.##.#.# #...#
#..###.##.#.#####.###
#......##.#.#..<@...#
#.........#.#..!Y...#
...........>...≈...##
....####..#.........#
##### #..#h#....#..#
# #.......# ...#.##.#
.##.#.# ... .. #.#.#
#.


You could see a sky beast and a hound (wandering).

Vanquished Creatures
  A hound (D:3)
  3 orc priests (D:3)
  Ijyb (D:3)
  Terence (D:2)
  4 adders
  A worm (D:3)
  A dart slug (D:1)
  2 leopard geckos
  3 orcs (D:3)
  A ball python (D:1)
  5 bats
  4 giant cockroaches
  6 goblins
  9 hobgoblins
  17 jackals
  11 kobolds
  A quokka (D:3)
  8 frilled lizards
  A jackal skeleton (D:3)
  5 rats
85 creatures vanquished.

Notes
Turn   | Place    | Note
-------+----------+-------------------------------------------
     0 | D:1      | Hyrikan the Halfling Assassin began the quest for the Orb.
     0 | D:1      | Reached XP level 1. HP: 14/14 MP: 1/1
   100 | D:1      | Reached XP level 2. HP: 19/19 MP: 2/2
   414 | D:1      | Reached XP level 3. HP: 24/24 MP: 3/3
   862 | D:1      | Reached skill level 5 in Stealth
  1270 | D:2      | Noticed Terence
  1272 | D:2      | Killed Terence
  1272 | D:2      | Reached XP level 4. HP: 29/29 MP: 4/4
  1831 | D:2      | Reached XP level 5. HP: 32/34 MP: 5/5
  2177 | D:3      | Found an iron altar of Okawaru.
  2648 | D:3      | Reached XP level 6. HP: 31/39 MP: 6/6
  2922 | D:3      | Reached skill level 6 in Stealth
  2962 | D:3      | Found a shimmering altar of Xom.
  3009 | D:3      | Became a worshipper of Xom of Chaos
  3015 | D:3      | Found a sparkling altar of Nemelex Xobeh.
  3038 | D:3      | XOM: divination: detect creatures
  3048 | D:3      | Fell from the grace of Xom
  3049 | D:3      | Became a worshipper of Nemelex Xobeh the Trickster
  3136 | D:3      | Noticed Ijyb
  3141 | D:3      | Killed Ijyb
  3216 | D:3      | XOM: mild Conj miscast
  3320 | D:3      | XOM: mild Pois miscast
  3385 | D:3      | Received a gift from Nemelex Xobeh
  3681 | D:4      | Noticed a sky beast
  3697 | D:4      | Slain by a sky beast

Skill      XL: |  1  2  3  4  5  6 |
---------------+-------------------+-----
Dodging        | 2 3 4 |  4.0
Stealth        | 5 6 |  6.2
Short Blades   | 3 4 |  4.6
Fighting       | |  1.8
Throwing       | |  2.0

Action                   |  1- 3 |  4- 6 || total
-------------------------+-------+-------++-------
Melee: Dagger            |    69 |   210 ||   279
 Fire: Blowgun           |     2 |       ||     2
Invok: Renounce Religion |       |     1 ||     1
 Abil: Evoke Berserk Rag |     2 |     4 ||     6
Evoke: Deck              |       |     3 ||     3
  Use: Scroll            |     1 |     5 ||     6
       Potion            |     1 |     1 ||     2
 Stab: Sleeping          |     7 |     8 ||    15
       Distracted        |       |     1 ||     1
  Eat: Chunk             |     2 |    12 ||    14
Armor: Leather armour    |     8 |    35 ||    43
Dodge: Dodged            |    32 |   148 ||   180
